 Dungeon Crawl Stone Soup version 0.28-a0-1524-ge72afd5fc6 (webtiles) character file.

Game seed: 8274051819824638920

5 psuckher the Sneak (level 1, -1/19 HPs)
             Began as a Barachi Delver on Jan 17, 2022.
             Slain by a jelly (3 damage)
             ... on level 5 of the Dungeon.
             The game lasted 00:00:33 (61 turns).

psuckher the Sneak (Barachi Delver)                   Turns: 61, Time: 00:00:33

Health: -1/19      AC:  3    Str: 13    XL:     1   Next: 80%
Magic:  1/1        EV: 12    Int: 10    God:
Gold:   0          SH:  0    Dex: 13    Spells: 0/0 levels left

rFire   . . .      SeeInvis .   a - +0 falchion
rCold   . . .      Faith    .   (no shield)
rNeg    . . .      Spirit   .   b - +0 leather armour
rPois   .          Reflect  .   (no helmet)
rElec   .          Harm     .   (no cloak)
rCorr   .          Rampage  .   (no gloves)
Will    .....                   (no boots)
Stlth   ++........              (no amulet)
HPRegen 0.06/turn               (no ring)
MPRegen 0.07/turn               (no ring)

@: slow
A: amphibious, slowness 1, strong legs 1, +LOS
a: Hop


You were on level 5 of the Dungeon.
You visited 1 branch of the dungeon, and saw 2 of its levels.

Inventory:

Hand Weapons
 a - a +0 falchion (weapon)
Armour
 b - a +0 leather armour (worn)
Wands
 g - a wand of digging (3)
Scrolls
 c - a scroll of fog
 d - a scroll of magic mapping
 e - a scroll of fear
 h - a scroll of identify {unknown}
 i - a scroll of amnesia {unknown}
Potions
 f - a potion of haste


   Skills:
 + Level 3.7 Fighting
 + Level 2.5 Long Blades
 + Level 2.2 Dodging
 + Level 4.7 Stealth


You couldn't memorise any spells.
You didn't know any spells.
Your spell library was empty.

Dungeon Overview and Level Annotations

Branches:
Dungeon (6/15)
 Temple: D:4-7

Altars:


Innate Abilities, Weirdness & Mutations

You are amphibious.
You cover ground slowly.
You can hop short distances.
You have an extended range of vision and can be seen from far away.


Message History

The ufetubus closely misses you. The ufetubus hits you.
You closely miss the ufetubus.
The ufetubus is lightly wounded.
The ufetubus hits you. The ufetubus barely misses you. The ufetubus hits you.
* * * LOW HITPOINT WARNING * * *
The ufetubus hits you but does no damage.
You hit the ufetubus.
The ufetubus is severely wounded.
The ufetubus closely misses you. The ufetubus misses you.
The ufetubus closely misses you. The ufetubus barely misses you.
You closely miss the ufetubus.
The ufetubus is severely wounded.
The ufetubus hits you.
* * * LOW HITPOINT WARNING * * *
The ufetubus hits you.
* * * LOW HITPOINT WARNING * * *
The ufetubus hits you but does no damage. x2
You hit the ufetubus.
You kill the ufetubus!
There is an open door here.
Found a stone staircase leading down.
Found a bubbling brown potion.
i - a scroll labelled XAELEA XISOZ A jelly comes into view.
Found a stone staircase leading down.
You see here a bubbling brown potion.
The jelly hits you but does no damage.
There is a stone staircase leading down here.
The jelly barely misses you.
You climb downwards.
There is a stone staircase leading up here.
The jelly closely misses you.
The adder hisses angrily.
You climb upwards.
There is a stone staircase leading down here.
You slash the jelly!
Your hands burn!
* * * LOW HITPOINT WARNING * * *
The jelly is heavily wounded.
The jelly hits you.
You die...

+....+.....#......# ..#
#....#.....#......# ...#
#...>.#....#......####....#
#+###.######.......)......#
..# #..............# ...#
#...J..........# ..(.#
#.##+##........# .....#
#.....#####....# ...$..#
#.!..@J# ...# ......#
##....## .# ......# ######
#


You could see a jelly.

Vanquished Creatures
  An ufetubus (D:5)
1 creature vanquished.

Notes
Turn   | Place    | Note
-------+----------+-------------------------------------------
     0 | D:5      | psuckher the Barachi Delver began the quest for the Orb.
     0 | D:5      | Reached XP level 1. HP: 18/18 MP: 1/1
    42 | D:5      | Noticed a jelly
    61 | D:5      | Slain by a jelly

Illustrated notes

Levels and vault maps discovered:
D:5:      layout_gridville
D:6:      black_bear_nest_1, layout_layer_cave,
          minmay_temple_entry_from_below_a, nicolae_underground_beach

Action                   || total
-------------------------++-------
Melee: Falchion          ||     7
Armor: Leather armour    ||     4
Dodge: Dodged            ||    13

Table legend: (Time is in decaauts)
 A = Elapsed time spent in this place.
 B = Non-inter-level travel time spent in this place.
 C = Inter-level travel time spent in this place.
 D = Time resting spent in this place.
 E = Time spent auto-exploring this place.
 F = Levels seen in this place.
 G = Mean time per level.
                   A        B        C        D        E       F      G
               +--------+--------+--------+--------+--------+-----+--------+
         Total |     71 |     68 |      3 |      0 |      0 |   2 |   35.5 |
       Dungeon |     71 |     68 |      3 |      0 |      0 |   2 |   35.5 |
               +--------+--------+--------+--------+--------+-----+--------+

Top non-repeatable levels by time:
     D:5: 70 daAuts
     D:6: 1 daAuts
